Cogmind - Beta 11 @@@ ROGUE MODE // 2022.04.18 @ 20:53:08 Player: RNGesus Result: Destroyed by 8R-AWN with 8R-AWN's Boregun Performance ------------- Evolutions (0) 0 Regions Visited (3) 600 Robots Destroyed (31) 155 Value Destroyed (448) 448 Prototype IDs (23) 460 Alien Tech Used (0) 0 Bonus (-140) -140 TOTAL SCORE: 1523 Bonus ------- Aligned with FarCom 300 Friendly Fire -440 Cogmind --------- Core Integrity 0/250 Matter 61/300 Energy 100/100 System Corruption 0% Temperature Cool (0) Movement Rolling (175) Ox5 Location -10/Exiles Parts ------- > --- POWER (1) -------- (None) > --- PROPULSION (2) --- Compact Wheel > --- UTILITY (2) ------ Huge Storage Unit > --- WEAPON (2) ------- Autogun Autogun > --- INVENTORY (25) --- Large Storage Unit Transport Network Coupler Core Shielding Utility Shielding Light Armor Plating Hacking Suite Small Laser Assault Rifle Assault Rifle Light Assault Rifle Light Assault Rifle Light Assault Rifle Light Assault Rifle Grenade Launcher Grenade Launcher Rocket Launcher Peak State ------------ > --- POWER ------------ Light Ion Engine > --- PROPULSION ------- Light Treads Light Treads > --- UTILITY ---------- Huge Storage Unit Core Shielding > --- WEAPON ----------- Assault Rifle Autogun > --- INVENTORY -------- Ion Engine Fission Core Fission Core Light Fission Core Compact Wheel Compact Wheel Large Storage Unit Transport Network Coupler Core Shielding Utility Shielding Light Armor Plating Hacking Suite Small Laser Assault Rifle Light Assault Rifle Light Assault Rifle Light Assault Rifle Light Assault Rifle Autogun Autogun Autogun Grenade Launcher Grenade Launcher Rocket Launcher [Rating: 12] Favorites ----------- Power Light Ion Engine Engine Light Ion Engine Propulsion Light Treads Treads Light Treads Wheel Compact Wheel Utility Core Shielding Storage Huge Storage Unit Protection Core Shielding Weapon Assault Rifle Ballistic Gun Assault Rifle Launcher Grenade Launcher Build | -11 -10 -10 -10 ------- Run | Scr Mat Min Exi Slots Evolved . | . . . . Power . | . . . . Propulsion . | . . . . Utility . | . . . . Weapon . | . . . . Parts Attached 35 | 6 18 4 7 Power 4 | 1 1 1 1 Engine 4 | 1 1 1 1 Core . | . . . . Reactor . | . . . . Propulsion 9 | 2 4 1 2 Treads 7 | 2 4 1 . Leg . | . . . . Wheel 2 | . . . 2 Hover . | . . . . Flight . | . . . . Utility 4 | 1 3 . . Device . | . . . . Storage 3 | 1 2 . . Processor . | . . . . Hackware . | . . . . Protection 1 | . 1 . . Artifact . | . . . . Weapon 18 | 2 10 2 4 Energy Gun . | . . . . Energy Cannon . | . . . . Ballistic Gun 16 | 2 9 2 3 Ballistic Cannon . | . . . . Launcher 2 | . 1 . 1 Special Weapon . | . . . . Impact Weapon . | . . . . Slashing Weapon . | . . . . Piercing Weapon . | . . . . Special Melee Weapon . | . . . . Unidentified Prototypes . | . . . . Parts Lost 12 | . . 4 8 Power 3 | . . 1 2 Propulsion 4 | . . 1 3 Utility 1 | . . . 1 Weapon 4 | . . 2 2 Highest Loss Streak 8 | . . 3 8 To Critical Strikes 4 | . . . 4 Average Slot Usage (%) 99 | . 99 99 98 Engine 13 | . 13 14 13 Treads 27 | . 27 28 26 Storage 14 | . 14 14 14 Protection 13 | . 13 14 14 Ballistic Gun 27 | . 27 27 27 Naked Turns . | . . . . Heaviest Build 90 | 12 90 89 89 Greatest Support 40 | 40 40 40 40 Greatest Overweight (x) 2 | 1 2 2 2 Average Overweight (x) 1 | . 1 2 2 Largest Inventory Capacity 25 | 8 25 25 25 Average Capacity 23 | 7 21 25 25 Most Carried 24 | 2 20 21 24 Average Carried 17 | 1 15 18 21 Final Capacity 25 | 8 25 25 25 Final Carried 21 | 2 20 21 16 Class Distribution -------------------- 100% | Mutant Dominant Class ---------------- Mutant | -10/Materials Mutant | -10/Mines Mutant | -10/Exiles Resources | -11 -10 -10 -10 ----------- Run | Scr Mat Min Exi Matter Collected 960 | 258 452 250 . Remotely . | . . . . Salvage Created 912 | . 645 250 17 Parts 60 | . 44 16 . Haulers Intercepted 2 | . 2 . . Recyclers Shooed 2 | . 2 . . Parts Field Recycled . | . . . . Retrieved Matter . | . . . . Parts Self-Destructed . | . . . . Prevented . | . . . . Kills | -11 -10 -10 -10 ------- Run | Scr Mat Min Exi Combat Hostiles Destroyed 20 | . 10 5 5 Guns 12 | . 7 5 . AOE 8 | . 3 . 5 Classes Destroyed 10 | . 9 . 1 Worker 4 | . 3 1 . Builder 2 | . 2 . . Tunneler 2 | . 1 1 . Hauler 2 | . 2 . . Recycler 3 | . 2 1 . Operator 2 | . 2 . . Watcher 1 | . 1 . . Swarmer 9 | . 6 3 . Grunt 6 | . 4 2 . Assembled 7 | . . . 7 Best Kill Streak 5 | . 3 3 5 Combat Bots Only 5 | . 3 3 5 Max Kills in Single Turn 2 | . 2 1 2 Gunslinging 1 | . 1 . . Exploded 2 | . 2 . 2 Melee . | . . . . Uniques/NPCs Destroyed . | . . . . Combat | -11 -10 -10 -10 -------- Run | Scr Mat Min Exi Damage Taken 1393 | . 357 285 751 Core 252 | . 51 54 147 Absorbed by Shields . | . . . . Redirected to Shielding 52 | . 12 10 30 Core Remaining (%) 100 | 100 . . . Volleys Fired 109 | . 67 17 25 Largest 2 | . 2 2 2 Hottest 46 | . 40 43 46 Shots Fired 203 | . 129 31 43 Gun 195 | . 125 31 39 Cannon . | . . . . Launcher 8 | . 4 . 4 Special . | . . . . Kinetic 195 | . 125 31 39 Thermal . | . . . . Explosive 8 | . 4 . 4 Electromagnetic . | . . . . Robot Hit Streak 10 | . 8 10 9 Robot Miss Streak 3 | . 3 3 2 Penetration Max . | . . . . Secondary Targets 1 | . 1 . . Max Gunslinging Chain 1 | . 1 . . Shots Hit Robots 139 | . 85 21 33 Core Hits 63 | . 34 12 17 Critical Kills 1 | . . 1 . Critical Parts Destroyed . | . . . . Critical Strikes 1 | . . 1 . Destroy 1 | . . 1 . Melee Attacks . | . . . . Impact . | . . . . Slashing . | . . . . Piercing . | . . . . Sneak Attacks . | . . . . Combat Hostiles . | . . . . Follow-up Attacks . | . . . . Damage Inflicted 2424 | . 1211 296 917 Guns 1799 | . 1016 296 487 Cannons . | . . . . Explosions 625 | . 195 . 430 Melee . | . . . . Ramming . | . . . . Kinetic 1799 | . 1016 296 487 Thermal . | . . . . Explosive 625 | . 195 . 430 Electromagnetic . | . . . . Impact . | . . . . Slashing . | . . . . Piercing . | . . . . Highest Corruption . | . . . . Average Corruption . | . . . . Corruption Purged . | . . . . Corruption Blocked . | . . . . Overload Shots . | . . . . Overflow Damage 20 | . . . 20 Projectiles . | . . . . Explosions 20 | . . . 20 Melee . | . . . . Knockbacks . | . . . . Impact . | . . . . Kinetic . | . . . . Secondary . | . . . . Self-Inflicted Damage 98 | . 67 . 31 Shots 3 | . 2 . 1 Rammed . | . . . . Targets Rammed . | . . . . Kicked . | . . . . Crushed . | . . . . Highest Temperature 16 | . 8 16 6 Average Temperature 3 | . 3 3 4 Received Heat Transfer 189 | . 87 102 . Siege Activations . | . . . . Robots Corrupted . | . . . . Combat Hostiles . | . . . . Parts Fried . | . . . . Impact Corruptions . | . . . . Robots Melted . | . . . . Combat Hostiles . | . . . . Parts Melted . | . . . . Heat Transferred . | . . . . Parts Sabotaged . | . . . . Parts Stolen . | . . . . Parts Stripped . | . . . . Power Chain Reactions . | . . . . Missiles Intercepted . | . . . . Alert | -11 -10 -10 -10 ------- Run | Scr Mat Min Exi Peak Influence 328 | . 328 129 . Initial 34 | . . 34 . Average 69 | . 110 19 . Maximum Alert Level 1 | . 1 . . Low Security (%) 91 | 100 85 100 . Level 1 8 | . 14 . . Level 2 . | . . . . Level 3 . | . . . . Level 4 . | . . . . Level 5 . | . . . . High Security . | . . . . Max Security . | . . . . Squads Dispatched 2 | . 2 . . Investigation . | . . . . Extermination . | . . . . Reinforcement 2 | . 2 . . Assault . | . . . . Garrison . | . . . . Intercept . | . . . . Searches Triggered . | . . . . Construction Impeded . | . . . . Haulers Reinforced . | . . . . Active Scanning Responses . | . . . . Cargo Convoy Interrupts . | . . . . Stealth | -11 -10 -10 -10 --------- Run | Scr Mat Min Exi Distress Signals 3 | . 3 . . Communications Jammed . | . . . . Distress Signals . | . . . . Times Spotted 50 | . 39 5 6 Peak Tracking Total 7 | . 4 3 7 Tactical Retreats . | . . . . Traps | -11 -10 -10 -10 ------- Run | Scr Mat Min Exi Traps Triggered 5 | . 5 . . Indirectly . | . . . . Trap Hack Attempts . | . . . . Triggered . | . . . . Disarmed . | . . . . Reprogrammed . | . . . . Reused . | . . . . Traps Extracted . | . . . . Installed . | . . . . Triggered . | . . . . Machines | -11 -10 -10 -10 ---------- Run | Scr Mat Min Exi Machines Disabled 7 | . 4 . 3 Max in Single Turn 2 | . 1 . 2 Machines Sabotaged . | . . . . Garrisons Compromised . | . . . . Overloaded Fab Kills . | . . . . Hacking | -11 -10 -10 -10 --------- Run | Scr Mat Min Exi Machines Accessed 4 | . 2 . 2 Terminals 2 | . 2 . . Fabricators . | . . . . Repair Stations . | . . . . Recycling Units . | . . . . Scanalyzers . | . . . . Garrison Access . | . . . . Total Hacks 9 | . 4 . 5 Successful 7 | . 2 . 5 Failed 2 | . 2 . . Catastrophic 1 | . 1 . . Database Lockouts . | . . . . Manual 3 | . 2 . 1 Terminals 4 | . 4 . . Fabricators . | . . . . Repair Stations . | . . . . Recycling Units . | . . . . Scanalyzers . | . . . . Garrison Access . | . . . . Terminal Hacks 7 | . 2 . 5 Record 4 | . . . 4 Alert Level 1 | . 1 . . Zone Layout 1 | . 1 . . EX-Prototype ID Bank 1 | . . . 1 Fabricator Hacks . | . . . . Repair Station Hacks . | . . . . Recycling Unit Hacks . | . . . . Scanalyzer . | . . . . Garrison Access Hacks . | . . . . Unauthorized Hacks . | . . . . Terminals . | . . . . Fabricators . | . . . . Repair Stations . | . . . . Recycling Units . | . . . . Scanalyzers . | . . . . Garrison Access . | . . . . Data Cores Recovered . | . . . . Used . | . . . . Hacking Detections 2 | . 2 . . Full Trace Events . | . . . . Feedback Events . | . . . . Feedback Blocked . | . . . . Robot Schematics Acquired . | . . . . Robots Built . | . . . . Authchips . | . . . . Time . | . . . . Total Robot Build Rating . | . . . . Part Schematics Acquired . | . . . . Parts Built . | . . . . Authchips . | . . . . Time . | . . . . Total Part Build Rating . | . . . . Parts Repaired . | . . . . Time . | . . . . Parts Recycled . | . . . . Recycled Matter . | . . . . Retrieved Matter . | . . . . Retrieved Components . | . . . . Parts Scanalyzed . | . . . . Part Schematics Acquired . | . . . . Parts Damaged . | . . . . Bothacking | -11 -10 -10 -10 ------------ Run | Scr Mat Min Exi Used RIF Installer . | . . . . Robots Hacked . | . . . . Non-combat . | . . . . Combat . | . . . . Robot Hacks Applied . | . . . . Relay Couplers Released . | . . . . Fabnet Peak Effective % . | . . . . Robots Rewired . | . . . . Allies Hacked . | . . . . Hacks Repelled . | . . . . Allies | -11 -10 -10 -10 -------- Run | Scr Mat Min Exi Total Allies . | . . . . Largest Group . | . . . . Highest-Rated Group . | . . . . Highest-Rated Ally . | . . . . Total Orders . | . . . . Ally Attacks . | . . . . Total Damage . | . . . . Kills . | . . . . Allies Corrupted . | . . . . Allies Melted . | . . . . Intel | -11 -10 -10 -10 ------- Run | Scr Mat Min Exi Robot Analysis Total . | . . . . Derelict Logs Recovered 2 | . . 2 . Drone Launches . | . . . . Drone Recoveries . | . . . . Exploration | -11 -10 -10 -10 ------------- Run | Scr Mat Min Exi Turns Passed 5093 | 67 2292 1832 902 Spaces Moved 1699 | 38 846 556 259 Core 4 | 4 . . . Treads 1695 | 34 846 556 259 Legs . | . . . . Wheels . | . . . . Hover . | . . . . Flight . | . . . . Fastest Speed 50 | 50 160 320 320 Average Speed 277 | 149 243 320 320 Slowest Speed 320 | 160 320 320 320 Overloaded Moves . | . . . . Propulsion Burnouts . | . . . . Robots Hopped . | . . . . Cave-ins Triggered . | . . . . Exploration Rate (%) 62 | 4 97 98 51 Regions Visited 3 Branch Regions 2 Pre-discovered Areas 1 | . . . 1 Known Exits Taken . | . . . . Unknown Exits Taken 3 | 1 1 1 . Scrap Searched . | . . . . Spaces Dug . | . . . . Terrain Destroyed 33 | . 10 . 23 Melee . | . . . . Projectile . | . . . . AOE 33 | . 10 . 23 Terrain Rammed . | . . . . Walls Destroyed . | . . . . Machines Disabled . | . . . . Actions | -11 -10 -10 -10 --------- Run | Scr Mat Min Exi Total 1873 | 45 948 581 299 Wait 3 | . 1 . 2 Move 1696 | 37 845 555 259 Hop . | . . . . Pick Up 26 | 2 16 5 3 Fast Attach 17 | 6 11 . . Attach 10 | . 1 4 5 Detach . | . . . . Swap 8 | . 6 . 2 Drop 4 | . 1 . 3 Fire 109 | . 67 17 25 Melee . | . . . . Ram . | . . . . Kick . | . . . . Crush . | . . . . Escape Stasis . | . . . . Rewire . | . . . . Trap . | . . . . Miscellaneous . | . . . . Route ------- -11/Scrapyard -10/Materials (discovered 4 exits: *Mat x3 / [*Min]) -10/Mines (discovered 3 exits: *Mat x2 / *Exi) -10/Exiles History --------- Turn | Location | Event 10 | -11/Scrapyard | Discovered new exit (range 15) 68 | -11/Scrapyard | Entered Materials 251 | -10/Materials | Discovered new exit (range 15) 299 | -10/Materials | Discovered new exit (range 16) 310 | -10/Materials | Build established: Mutant 405 | -10/Materials | Discovered new exit (range 16) 777 | -10/Materials | Discovered new exit (range 15) 2360 | -10/Materials | Entered Mines 2403 | -10/Mines | Lost 3 parts (1p1n1w) 2689 | -10/Mines | Discovered new exit (range 3) 3250 | -10/Mines | Received a Rocket Launcher from a helpful Derelict 3381 | -10/Mines | Identified exit to Materials 3799 | -10/Mines | Learned Materials stockpile data 4176 | -10/Mines | Deemed a non-threat by the Exiles lab entrance 4180 | -10/Mines | Discovered new exit (range 5) 4192 | -10/Mines | Entered Exiles 4399 | -10/Exiles | Met 8R-AWN 4447 | -10/Exiles | Met EX-HEX 4543 | -10/Exiles | Met EX-BIN 4584 | -10/Exiles | Met EX-DEC 4607 | -10/Exiles | Learned location of Zion (-6) 4715 | -10/Exiles | Aligned with FarCom system 4719 | -10/Exiles | Given EX-Vault access code 4808 | -10/Exiles | Opened EX-Vault 4882 | -10/Exiles | Warned to stay clear of 0b10 Research branches 5028 | -10/Exiles | Attacked by the Exiles 5051 | -10/Exiles | Core integrity fell below 50% 5076 | -10/Exiles | Core integrity fell below 20% 5094 | -10/Exiles | Destroyed by 8R-AWN with 8R-AWN's Boregun Last Messages --------------- 05071_ Penetrated by HV Slug. 05077_ Critical hit (Destroy). 05077_ Autogun destroyed. 05077_ Penetrated by HV Slug. 05078_ Destroyed Prototype Protection. 05080_ Penetrated by HV Slug. 05080_ HV Slug penetrates Wall. 05082_ HV Slug penetrates Earth. 05082_ Penetrated by HV Slug. 05082_ Critical hit (Destroy). 05082_ Autogun destroyed. 05085_ Penetrated by HV Slug. 05085_ HV Slug penetrates Wall. 05085_ HV Slug penetrates Earth. 05087_ The unstable cave ceiling collapses. 05089_ Penetrated by HV Slug. 05094_ HV Slug penetrates Wall. 05094_ HV Slug penetrates Earth. 05094_ Penetrated by HV Slug. 05094_ Core Shielding destroyed. Map ----- +----------------------------------------------------+ | """#???????????????????????????????????? | | """#???????????????????????????????????? | | """#???????????????????????????????????? | | """#???????????????????????????????????? | | """"???????????????????????????????????? | | """#???????????????????????????????????? | | "X" """????????????????????????????????????? | | """ ????????????????????????????????????? | | """""""""#???????????????????????????????????? | | ###########???????????????????????????????????? | | #?????????????????????????????????????????????? | | #?????????????????????????????????????????????? | | ##????????????????????????????????????????????? | | ##???###########?????????????????????????????? | | #####"""" """"##????????????????????????????? | | " """ """"##???????????????????????????? | | "" " #???????????????????????????? | | " """#???????????????????????????? | | a"#???????????#####???????????? | | " "##?????????##" #???????????? | | "###???????#" #???????????? | | " ""#?##???##" ##??????????? | | """ "#? ??### ###????????# | | ####""" ## ??# ########## | | ???##""" ;#### #""""## | | ????#"""" @;## | | ????#"" g ## | | ????"""" #### | | ???" % ""#?#"""""#### | | ?" #"""##?#######??#### | | ?? ######??????????????### | | ? ##?????????????????????? | | ? #??????????????????????? | | ?? "" "##??????????????????????? | | ????"" " " "" % ##???????????????????????? | | ?????##""" """# #????????????????????????? | | ??????###"""??# # ?????????????????????????? | | ????????##?????? ## # #?????????????????????????? | | ??????????????????### #?????????????????????????? | | ?????????????????????##??????????????????????????? | | ?????????????????????????????????????????????????? | | ?????????????????????????????????????????????????? | | ?????????????????????????????????????????????????? | | ?????????????????????????????????????????????????? | | ?????????????????????????????????????????????????? | | ?????????????????????????????????????????????????? | | ?????????????????????????????????????????????????? | | ?????????????????????????????????????????????????? | | ?????????????????????????????????????????????????? | | ?????????????????????????????????????????????????? | +----------------------------------------------------+ Best States ------------- Heat Dissipation 25 Energy Generation 10 Energy Capacity 250 Matter Stores 300 Matter Capacity 300 Sight Range 16 Terrain Scan Density 10 Core Shielding 20 Evasion (%) 40 Recoil Reduction 2 Item Schematics ----------------- None Robot Schematics ------------------ None Fabricated ------------ Nothing Alien Tech Used ----------------- None Achievements -------------- None Challenges ------------ None Game ------ Seed BiometalScatterCycler Manual? 0 Play Time 00:14:17 Cumulative 340.4 hours Start 2022.04.18 @ 19:55:29 End 2022.04.18 @ 20:53:08 Sessions 1 Manual Loads 0 Difficulty Rogue Special Mode None Game No. 502 Rogue 502 Adventurer 0 Explorer 0 Win Type - Total 6 Types 4/0/1/1/0/0/0/0/0 Lore% 81 Gallery% 84 Achievement% 66 Wizard Run 0 Options --------- ASCII 0 Keyboard 1 Movement Numpad Keybinds 0 Fullscreen 2 Font 24/Smallcaps Map View 76x50 Tactical HUD 1 Map Filters NONE Filters NONE Steam 1 RUN: ee601973-5e2d-4b42-acc4-96c217192ac4